 Dungeon Crawl Stone Soup version 0.21.0-25-ge575cb9 (webtiles) character file.

4144 troglodite the Magician (level 10, 0/77 HPs)
             Began as a Gnoll Skald on Jan 23, 2018.
             Was an Initiate of Gozag.
             Slain by a worker ant (2 damage)
             ... on level 9 of the Dungeon.
             The game lasted 00:37:55 (9020 turns).

troglodite the Magician (Gnoll Skald)               Turns: 9020, Time: 00:37:57

Health: 0/77       AC:  6    Str: 19    XL:     10   Next: 27%
Magic:  20/20      EV: 16    Int: 15    God:    Gozag
Gold:   262        SH:  0    Dex: 19    Spells: 12/23 levels left

rFire    . . .     SeeInvis .   H - +8 quarterstaff "Lyjushre" {vamp, +Inv rElec rC+ Str+3}
rCold    + . .     Gourm    .   (shield currently unavailable)
rNeg     . . .     Faith    .   n - +0 ring mail
rPois    .         Spirit   .   (no helmet)
rElec    +         Reflect  .   (no cloak)
rCorr    .         Harm     .   (no gloves)
MR       .....                  (no boots)
Stlth    +++.......             (no amulet)
HPRegen  0.22/turn              e - +3 ring of dexterity
MPRegen  0.17/turn              (no ring)

@: lethally poisoned (0 -> -12)
A: distributed training, fangs 1, strong nose
a: Potion Petition, Call Merchant, Bribe Branch, Renounce Religion, Evoke
Invisibility


You were on level 9 of the Dungeon.
You worshipped Gozag.
Gozag was aware of your devotion.
You were not hungry.

You visited 2 branches of the dungeon, and saw 10 of its levels.

You collected 392 gold pieces.
You paid 130 gold pieces to Gozag.

Inventory:

Hand Weapons
 a - a +0 falchion
 H - the +8 quarterstaff "Lyjushre" (weapon) {vamp, +Inv rElec rC+ Str+3}
   (You found it on level 7 of the Dungeon)

   It inflicts no extra harm, but heals its wielder when it wounds a living foe.
   It affects your strength (+3).
   It protects you from cold.
   It insulates you from electricity.
   It lets you turn invisible.
Armour
 b - a +0 leather armour
 g - a +2 shield
 i - a +0 scale mail
 l - a +2 buckler
 n - a +0 ring mail (worn)
Jewellery
 e - a +3 ring of dexterity (left hand)
 o - an uncursed ring of ice
Wands
 A - a wand of iceblast (6)
Scrolls
 f - a scroll of enchant weapon {unknown}
 h - 5 scrolls of remove curse
 k - a scroll of amnesia
 q - a scroll of fog {unknown}
 u - a scroll of blinking {unknown}
 y - a scroll of random uselessness {unknown}
 z - a scroll of noise {unknown}
 B - a scroll of magic mapping {unknown}
 C - a scroll of teleportation
 D - a scroll of enchant armour {unknown}
 J - a scroll of immolation {unknown}
Potions
 j - a potion of flight
 m - 2 potions of curing
 p - 2 potions of agility
 r - 2 potions of mutation
 s - 3 potions of brilliance
 t - a potion of haste
 v - 5 potions of heal wounds
 w - a potion of invisibility {unknown}
 x - 2 potions of cancellation
 E - a potion of might {unknown}
 F - a potion of magic {unknown}
Books
 c - a book of Battle

   Spells                             Type                      Level
   a - Infusion                       Charms                       1
   b - Shroud of Golubria             Charms/Translocation         2
   c - Song of Slaying                Charms                       2
   d - Spectral Weapon                Hexes/Charms                 3
   e - Regeneration                   Charms/Necromancy            3
 I - a book of Frost

   Spells                             Type                      Level
   a - Freeze                         Ice                          1
   b - Throw Frost                    Conjuration/Ice              2
   c - Ozocubu's Armour               Charms/Ice                   3
   d - Throw Icicle                   Conjuration/Ice              4
   e - Summon Ice Beast               Ice/Summoning                4
Comestibles
 d - 13 rations
 G - 2 chunks of flesh


   Skills:
 + Level 6.9 Fighting
 + Level 5.0 Short Blades
 + Level 6.9 Long Blades
 + Level 5.0 Axes
 + Level 5.0 Maces & Flails
 + Level 5.0 Polearms
 + Level 5.0 Staves
 + Level 5.0 Slings
 + Level 5.0 Bows
 + Level 5.0 Crossbows
 + Level 5.0 Throwing
 + Level 5.7 Armour
 + Level 6.9 Dodging
 + Level 5.0 Stealth
 + Level 5.0 Shields
 + Level 5.0 Unarmed Combat
 + Level 7.2 Spellcasting
 + Level 4.1 Conjurations
 + Level 4.1 Hexes
 + Level 6.9 Charms
 + Level 4.1 Summonings
 + Level 4.1 Necromancy
 + Level 4.1 Translocations
 + Level 4.1 Transmutations
 + Level 4.1 Fire Magic
 + Level 4.1 Ice Magic
 + Level 4.1 Air Magic
 + Level 4.1 Earth Magic
 + Level 4.1 Poison Magic
 + Level 5.5 Invocations
 + Level 5.0 Evocations


You had 12 spell levels left.
You knew the following spells:

 Your Spells              Type           Power        Failure   Level  Hunger
a - Infusion              Chrm           ####         1%          1    None
b - Spectral Weapon       Hex/Chrm       ###.....     6%          3    ##.....
c - Regeneration          Chrm/Necr      ###.......   6%          3    ##.....
d - Summon Ice Beast      Ice/Summ       ###.....     36%         4    ####...


Dungeon Overview and Level Annotations

Branches:
Dungeon (9/15)             Temple (1/1) D:5
   Lair: D:8-11         Orc: D:9-12

Altars:
Ashenzari
Cheibriados
Dithmenos
Fedhas
Gozag
Hepliaklqana
Kikubaaqudgha
Makhleb
Nemelex Xobeh
Okawaru
Qazlal
Ru
Sif Muna
Trog
Vehumet
Wu Jian
Xom
Yredelemnul

Shops:
D:7 =

Annotations:
D:8 Gastronok
D:9 Akransas's ghost, journeyman FoFi


Innate Abilities, Weirdness & Mutations

Your experience applies equally to all skills.
You have very sharp teeth.
Your uncanny sense of smell can sniff out nearby items.


Message History

A worker ant and 2 gnolls come into view.
The worker ant twitches its antennae in your direction.
The gnoll shouts!
The orc misses you.
A killer bee and an orc come into view.
The killer bee misses you. The killer bee closely misses you.
The orc shouts!
You thump the killer bee! Your bite misses the killer bee.
The killer bee is severely wounded.
You hear an angry buzzing noise.
The killer bee closely misses you. The killer bee stings you.
The killer bee barely misses you.
The orc warrior hits you from afar with a halberd!
* * * LOW HITPOINT WARNING * * *
Akransas's ghost hits you!
* * * LOW HITPOINT WARNING * * *
You are lethally poisoned!
The worker ant bites you.
You die...
Your body crumbles into a pile of gold.

....# #......#
....######......#
................##
.........h.......+
...<......S..h...#######
....##########..........
....# #S.o.o..... #...#
#.Wy.a..... #...#
#..@yy..... #..?#
#.a#####o.. #..S# #g.#
+.... ..g.# ...g.#
.......# .......#
.......


You could see an orc warrior, a howler monkey, 2 worker ants, 3 killer bees,
Akransas's ghost, 3 gnolls, an adder and 2 orcs.

Vanquished Creatures
  Grinder (D:6)
  A hippogriff (D:7)
  A spriggan (D:7)
  A hungry ghost (D:7)
  2 humans (D:8)
  An orc warrior (D:4)
  A sky beast (D:5)
  3 ice beasts
  A black bear (D:4)
  A phantom (D:7)
  4 centaurs
  3 ogres
  A big kobold (D:7)
  6 bullfrogs
  A water moccasin zombie (D:7)
  3 scorpions
  3 howler monkeys
  3 crimson imps
  5 centaur skeletons
  3 hounds
  2 orc priests (D:4)
  An orc wizard (D:4)
  A bullfrog skeleton (D:4)
  Jessica (D:3)
  2 iguanas
  8 worker ants
  A howler monkey skeleton (D:4)
  9 adders
  An adder skeleton (D:7)
  2 worms
  2 dart slugs
  4 leopard geckos
  22 orcs
  15 bats
  2 giant cockroaches
  8 hobgoblins
  12 jackals
  18 kobolds
  7 quokkas
  A ball python (D:3)
  3 frilled lizards
  9 goblins
  5 rats
181 creatures vanquished.

Vanquished Creatures (others)
  A phantom (D:6)
  2 spectral weapons
3 creatures vanquished.

Grand Total: 184 creatures vanquished

Notes
Turn   | Place    | Note
-------+----------+-------------------------------------------
     0 | D:1      | troglodite the Gnoll Skald began the quest for the Orb.
     0 | D:1      | Reached XP level 1. HP: 20/20 MP: 6/6
   124 | D:1      | Reached XP level 2. HP: 24/26 MP: 7/7
   456 | D:1      | Reached XP level 3. HP: 15/31 MP: 9/9
   468 | D:1      | Reached skill level 5 in Spellcasting
   537 | D:1      | Learned a level 3 spell: Spectral Weapon
   541 | D:1      | Learned a level 3 spell: Regeneration
  1285 | D:2      | Reached skill level 1 in Invocations
  1461 | D:2      | Found a stormy altar of Qazlal.
  1516 | D:2      | Reached skill level 1 in Short Blades
  1516 | D:2      | Reached skill level 1 in Axes
  1516 | D:2      | Reached skill level 1 in Maces & Flails
  1516 | D:2      | Reached skill level 1 in Polearms
  1516 | D:2      | Reached skill level 1 in Staves
  1516 | D:2      | Reached skill level 1 in Slings
  1516 | D:2      | Reached skill level 1 in Bows
  1516 | D:2      | Reached skill level 1 in Crossbows
  1516 | D:2      | Reached skill level 1 in Throwing
  1516 | D:2      | Reached skill level 1 in Stealth
  1516 | D:2      | Reached skill level 1 in Shields
  1516 | D:2      | Reached skill level 1 in Unarmed Combat
  1516 | D:2      | Reached skill level 1 in Evocations
  1516 | D:2      | Reached XP level 4. HP: 35/38 MP: 11/11
  2204 | D:3      | Noticed Jessica
  2213 | D:3      | Killed Jessica
  2213 | D:3      | Reached skill level 1 in Conjurations
  2213 | D:3      | Reached skill level 1 in Hexes
  2213 | D:3      | Reached skill level 1 in Summonings
  2213 | D:3      | Reached skill level 1 in Necromancy
  2213 | D:3      | Reached skill level 1 in Translocations
  2213 | D:3      | Reached skill level 1 in Transmutations
  2213 | D:3      | Reached skill level 1 in Fire Magic
  2213 | D:3      | Reached skill level 1 in Ice Magic
  2213 | D:3      | Reached skill level 1 in Air Magic
  2213 | D:3      | Reached skill level 1 in Earth Magic
  2213 | D:3      | Reached skill level 1 in Poison Magic
  2223 | D:3      | Reached XP level 5. HP: 39/43 MP: 7/12
  3525 | D:4      | Reached XP level 6. HP: 48/50 MP: 7/13
  3539 | D:4      | Found a sparkling altar of Nemelex Xobeh.
  3632 | D:4      | Reached skill level 5 in Fighting
  3632 | D:4      | Reached skill level 5 in Long Blades
  3632 | D:4      | Reached skill level 5 in Dodging
  3762 | D:4      | Noticed a black bear
  3777 | D:4      | Killed a black bear
  3777 | D:4      | Reached XP level 7. HP: 52/56 MP: 12/15
  4438 | D:5      | Entered Level 5 of the Dungeon
  5015 | D:5      | Found a staircase to the Ecumenical Temple.
  5024 | Temple   | Entered the Ecumenical Temple
  5382 | D:5      | Reached XP level 8. HP: 57/63 MP: 16/16
  6203 | D:4      | Reached skill level 6 in Spellcasting
  6278 | D:6      | Noticed Grinder
  6661 | D:6      | Killed Grinder
  6746 | D:6      | Found an ornate altar of the Wu Jian Council.
  6777 | D:6      | Reached XP level 9. HP: 50/69 MP: 15/18
  7032 | D:6      | Found a shimmering altar of Xom.
  7423 | D:7      | Reached skill level 5 in Armour
  7728 | D:7      | Reached skill level 5 in Invocations
  7957 | D:7      | Found a hazy altar of Hepliaklqana.
  8068 | D:7      | Reached skill level 7 in Spellcasting
  8068 | D:7      | Reached XP level 10. HP: 65/77 MP: 20/20
  8359 | D:7      | Found Amas's Jewellery Shoppe.
  8728 | D:7      | Got a slimy quarterstaff
  8736 | D:7      | Identified the +8 quarterstaff "Lyjushre" {vamp, +Inv rElec rC+ Str+3} (You found it on level 7 of the Dungeon)
  8790 | D:8      | Found an opulent altar of Gozag.
  8855 | D:8      | Learned a level 4 spell: Summon Ice Beast
  8860 | D:8      | Became a worshipper of Gozag Ym Sagoz the Greedy
  8963 | D:8      | Found an iron altar of Okawaru.
  8974 | D:8      | Reached skill level 5 in Short Blades
  8974 | D:8      | Reached skill level 5 in Axes
  8974 | D:8      | Reached skill level 5 in Maces & Flails
  8974 | D:8      | Reached skill level 5 in Polearms
  8974 | D:8      | Reached skill level 5 in Staves
  8974 | D:8      | Reached skill level 5 in Slings
  8974 | D:8      | Reached skill level 5 in Bows
  8974 | D:8      | Reached skill level 5 in Crossbows
  8974 | D:8      | Reached skill level 5 in Throwing
  8974 | D:8      | Reached skill level 5 in Stealth
  8974 | D:8      | Reached skill level 5 in Shields
  8974 | D:8      | Reached skill level 5 in Unarmed Combat
  8974 | D:8      | Reached skill level 5 in Evocations
  8992 | D:8      | Noticed Gastronok
  9008 | D:9      | Noticed Akransas's ghost (journeyman FoFi)
  9020 | D:9      | HP: 2/77 [Akransas's ghost (14)]
  9020 | D:9      | Slain by a worker ant

Skill      XL: |  1  2  3  4  5  6  7  8  9 10 |
---------------+-------------------------------+-----
Spellcasting   | 5 6 7 |  7.2
Invocations    | 1 2 3 4 5 |  5.5
Short Blades   | 1 2 3 4 5 |  5.0
Axes           | 1 2 3 4 5 |  5.0
Maces & Flails | 1 2 3 4 5 |  5.0
Polearms       | 1 2 3 4 5 |  5.0
Staves         | 1 2 3 4 5 |  5.0
Slings         | 1 2 3 4 5 |  5.0
Bows           | 1 2 3 4 5 |  5.0
Crossbows      | 1 2 3 4 5 |  5.0
Throwing       | 1 2 3 4 5 |  5.0
Stealth        | 1 2 3 4 5 |  5.0
Shields        | 1 2 3 4 5 |  5.0
Unarmed Combat | 1 2 3 4 5 |  5.0
Evocations     | 1 2 3 4 5 |  5.0
Conjurations   | 1 2 3 4 |  4.1
Hexes          | 1 2 3 4 |  4.1
Summonings     | 1 2 3 4 |  4.1
Necromancy     | 1 2 3 4 |  4.1
Translocations | 1 2 3 4 |  4.1
Transmutations | 1 2 3 4 |  4.1
Fire Magic     | 1 2 3 4 |  4.1
Ice Magic      | 1 2 3 4 |  4.1
Air Magic      | 1 2 3 4 |  4.1
Earth Magic    | 1 2 3 4 |  4.1
Poison Magic   | 1 2 3 4 |  4.1
Armour         | 3 4 5 |  5.7
Fighting       | 5 6 |  6.9
Long Blades    | 5 6 |  6.9
Dodging        | 5 6 |  6.9
Charms         | 6 |  6.9

Action                   |  1- 3 |  4- 6 |  7- 9 | 10-12 || total
-------------------------+-------+-------+-------+-------++-------
Melee: Falchion          |   156 |   189 |   343 |    79 ||   767
       Bite              |    17 |    27 |    65 |    12 ||   121
       Quarterstaff      |       |       |       |    22 ||    22
 Cast: Spectral Weapon   |       |     8 |    24 |     6 ||    38
  Use: Scroll            |       |     8 |     2 |     2 ||    12
 Stab: Sleeping          |       |       |     4 |     1 ||     5
       Distracted        |       |       |     5 |       ||     5
  Eat: Chunk             |     2 |     5 |    13 |     3 ||    23
       Ration            |       |     1 |     1 |     2 ||     4
Armor: Leather armour    |    26 |       |       |       ||    26
       Ring mail         |    10 |    55 |    66 |     9 ||   140
       Scale mail        |     7 |       |       |       ||     7
Dodge: Dodged            |   101 |   133 |   214 |    58 ||   506
Block: Shield            |    30 |       |       |       ||    30
       Buckler           |    20 |    78 |   137 |    30 ||   265
       Rpst.: Falchion   |    31 |    45 |    58 |     9 ||   143
